 Dungeon Crawl Stone Soup version 0.28-a0-938-gbc3f381ebc (webtiles) character file.

Game seed: 16604747658360814553

105 ytrimaz the Purveyor of Pain (level 4, -5/30 HPs)
             Began as a Demonspawn Necromancer on Nov 28, 2021.
             Was an Initiate of Kikubaaqudgha.
             Slain by an ogre (10 damage)
             ... on level 4 of the Dungeon.
             The game lasted 00:06:17 (3588 turns).

ytrimaz the Purveyor of Pain (DsNe)                 Turns: 3588, Time: 00:06:18

Health: -5/30      AC:  8    Str:  8    XL:     4   Next: 53%
Magic:  0/9        EV: 11    Int: 18    God:    Kikubaaqudgha [......]
Gold:   84         SH:  0    Dex: 13    Spells: 3/9 levels left

rFire   . . .      SeeInvis .   (no weapon)
rCold   . . .      Faith    .   (no shield)
rNeg    . . .      Spirit   .   d - +2 leather armour {rPois}
rPois   +          Reflect  .   (no helmet)
rElec   .          Harm     .   e - scarf {+Inv}
rCorr   .          Rampage  .   (no gloves)
Will    .....                   (no boots)
Stlth   ++........              (no amulet)
HPRegen 0.10/turn               b - ring of flight
MPRegen 0.11/turn               (no ring)

@: flying
A: thin metallic scales 2, weakness stinger 1
a: Renounce Religion, Evoke Invisibility


You were on level 4 of the Dungeon.
You worshipped Kikubaaqudgha.
Kikubaaqudgha was noncommittal.
You visited 2 branches of the dungeon, and saw 5 of its levels.

You collected 84 gold pieces.

Inventory:

Armour
 d - a +2 leather armour of poison resistance (worn)
 e - a scarf of invisibility (worn)
Jewellery
 b - a ring of flight (left hand)
Potions
 c - a potion of curing


   Skills:
 * Level 2.2 Dodging
 - Level 1.9 Stealth
 * Level 0.5 Unarmed Combat
 * Level 3.3 Spellcasting
 + Level 5.2 Necromancy


You had 3 spell levels left.
You knew the following spells:

 Your Spells              Type           Power      Damage    Failure   Level
a - Pain                  Necr           84%        1d8       2%          1
b - Vampiric Draining     Necr           21%        2d7       9%          3
c - Corpse Rot            Necr/Air       24%        N/A       12%         2

Your spell library contained the following spells:

 Spells                   Type           Power      Damage    Failure   Level
 Animate Skeleton         Necr           42%        N/A       2%          1
 Animate Dead             Necr           10%        N/A       26%         4
 Agony                    Necr           21%        N/A       58%         5
 Simulacrum               Ice/Necr       6%         N/A       100%        6
 Infestation              Necr           10%        N/A       100%        8


Dungeon Overview and Level Annotations

Branches:
Dungeon (4/15)             Temple (1/1) D:4

Altars:
Ashenzari
Cheibriados
Dithmenos
Gozag
Hepliaklqana
Kikubaaqudgha
Makhleb
Nemelex Xobeh
Qazlal
Ru
Sif Muna
Trog
Uskayaw
Vehumet
Wu Jian
Xom
Yredelemnul
Zin
The Shining One


Innate Abilities, Weirdness & Mutations

You are mostly covered in thin metallic scales. (AC +3)
You have a small tail.


Message History

You can't see any susceptible monsters within range! (Use Z to cast anyway.)
You see here a ball python corpse.
An ogre comes into view. It is wielding a +0 giant club.
The ogre shouts!
An ogre is nearby!
An ogre is nearby!
The ogre barely resists.
The ogre writhes in agony.
Okay, then.
The ogre writhes in agony!
Casting: Pain (safe; 2% risk of failure)
Confirm with . or Enter, or press ? or * to list all spells.
The spell is quite dangerous to cast (9% risk of failure)!
Continue anyway?
Okay, then.
Casting: Vampiric Draining (quite dangerous; 9% risk of failure)
Confirm with . or Enter, or press ? or * to list all spells.
The spell is quite dangerous to cast (9% risk of failure)!
Continue anyway?
Aiming: Vampiric Draining (quite dangerous; 9% risk of failure)
Press: ? - help, Shift-Dir - straight line, f/p - ogre
Aim: an ogre, wielding a +0 giant club (heavily wounded)
You draw life force from the ogre!
You feel life coursing into your body.
The ogre hits you with a +0 giant club!!
Ouch! That really hurt!
* * * LOW HITPOINT WARNING * * *
Casting: Vampiric Draining (quite dangerous; 9% risk of failure)
Confirm with . or Enter, or press ? or * to list all spells.
The spell is quite dangerous to cast (9% risk of failure)!
Continue anyway?
Okay, then.
An ogre is nearby!
Casting: Vampiric Draining (quite dangerous; 9% risk of failure)
Confirm with . or Enter, or press ? or * to list all spells.
The spell is quite dangerous to cast (9% risk of failure)!
Continue anyway?
Aiming: Vampiric Draining (quite dangerous; 9% risk of failure)
Press: ? - help, Shift-Dir - straight line, f/p - ogre
Aim: an ogre, wielding a +0 giant club (severely wounded)
You draw life force from the ogre!
You feel life coursing into your body.
Unknown command.
The ogre hits you with a +0 giant club!
You die...
Kikubaaqudgha rasps: "You have failed me!
Welcome... death!"

#........#.#
#.##.......#
###.##.#...#.#
###...##.......#
#.......†....###
#.#...######.#
#### #...#.# #.#
... ####.##.#
#.###.####
........#
#..@O....#
.###.#..#
#####.##.#
.###.#..... ...
.##..#.#####
..... .##.##.#
.##.#.# .##.##.#
.# .... .......#
.# #.. ####.###
.# .. .#


You could see an ogre.

Vanquished Creatures
  A centaur zombie (D:3)
  2 worms (D:2)
  A dart slug (D:1)
  4 orcs
  7 endoplasms
  5 goblins
  3 hobgoblins
  7 jackals
  A quokka (D:2)
  6 ball pythons
  10 bats
  A frilled lizard (D:1)
  2 kobolds
  6 rats
56 creatures vanquished.

Notes
Turn   | Place    | Note
-------+----------+-------------------------------------------
     0 | D:1      | ytrimaz the Demonspawn Necromancer began the quest for the
                  | Orb.
     0 | D:1      | Reached XP level 1. HP: 13/13 MP: 3/3
   492 | D:1      | Gained mutation: You have a small tail. [demonic ancestry]
   492 | D:1      | Reached XP level 2. HP: 18/19 MP: 3/5
  1474 | D:2      | Found a faded altar of an unknown god.
  1481 | D:2      | Gained mutation: You are partially covered in thin metallic
                  | scales. (AC +2) [demonic ancestry]
  1481 | D:2      | Reached XP level 3. HP: 18/24 MP: 0/6
  1711 | D:2      | Got the Compendium of Unholy Rituals
  1830 | D:2      | Reached skill level 5 in Necromancy
  2163 | D:2      | Learned a level 3 spell: Vampiric Draining
  2166 | D:2      | Learned a level 2 spell: Corpse Rot
  2297 | D:3      | Gained mutation: You are mostly covered in thin metallic
                  | scales. (AC +3) [demonic ancestry]
  2297 | D:3      | Reached XP level 4. HP: 30/30 MP: 8/8
  2980 | D:4      | Found a staircase to the Ecumenical Temple.
  2989 | Temple   | Entered the Ecumenical Temple
  3395 | Temple   | Became a worshipper of Kikubaaqudgha
  3582 | D:4      | Noticed an ogre
  3588 | D:4      | Slain by an ogre

Illustrated notes

Levels and vault maps discovered:
D:1:      kilobyte_arrival_exit_the_forest, layout_basic
D:2:      layout_basic, hellmonk_ecumenical_altar_dog_temple,
          chequers_serial_rivers_marsh
D:3:      layout_rooms, overflow_temple_1_default, minmay_misc_feat_alley
D:4:      layout_loops_cross, lemuel_temple_firewalk_a,
          nicolae_concentric_dashed_squares_mild
Temple:   dpeg_five_rooms_temple

Skill      XL: |  1  2  3 |
---------------+----------+-----
Dodging        | 2 |  2.2
Necromancy     | 5 |  5.2
Spellcasting   | 3 |  3.3
Stealth        | |  1.9
Unarmed Combat | |  0.5

Action                   |  1- 3 |  4- 6 || total
-------------------------+-------+-------++-------
Melee: Unarmed           |    26 |     8 ||    34
       Tailslap          |     3 |     1 ||     4
 Cast: Pain              |    69 |    37 ||   106
       Vampiric Draining |       |     2 ||     2
  Use: Scroll            |     3 |     1 ||     4
       Potion            |     5 |     1 ||     6
Armor: Leather armour    |    39 |    14 ||    53
       Skin              |     8 |       ||     8
Dodge: Dodged            |    38 |    27 ||    65

Table legend: (Time is in decaauts)
 A = Elapsed time spent in this place.
 B = Non-inter-level travel time spent in this place.
 C = Inter-level travel time spent in this place.
 D = Time resting spent in this place.
 E = Time spent auto-exploring this place.
 F = Levels seen in this place.
 G = Mean time per level.
                   A        B        C        D        E       F      G
               +--------+--------+--------+--------+--------+-----+--------+
         Total |   3590 |   3432 |    158 |    402 |   2552 |   5 |  718.0 |
       Dungeon |   3154 |   3050 |    104 |    234 |   2351 |   4 |  788.5 |
        Temple |    435 |    381 |     54 |    168 |    201 |   1 |  435.0 |
               +--------+--------+--------+--------+--------+-----+--------+

Top non-repeatable levels by time:
     D:1: 1363 daAuts
     D:2: 814 daAuts
     D:3: 757 daAuts
  Temple: 435 daAuts
     D:4: 219 daAuts
